SL
BILOXI SHUCKERS @ MONTGOMERY BISCUITS
09/20/2099
 
TOP OF THE 1ST
Biloxi Shuckers batting - Pitching for Montgomery Biscuits : RHP Jim Sims
Pitching: RHP Jim Sims
Batting: RHB Rich Molyneaux 0-0: Foul Ball, location: 2F
0-1: Ball
1-1: Called Strike
1-2: Strikes out swinging
Batting: RHB Mike Orellana 0-0: Ball
1-0: SINGLE (Groundball, 4D, EV 96.9 MPH)
Batting: RHB Juan Vicente 0-0: Ball
Mike Orellana steals 2nd base
1-0: Foul Ball, location: 23F
1-1: Ground out 4-3 (Groundball, 4M, EV 82.5 MPH)
Mike Orellana to third
Batting: RHB Sean Howlett 0-0: Ball
1-0: Ball
2-0: Ball
3-0: Called Strike
3-1: Foul Ball, location: 2F
3-2: SINGLE (Line Drive, 8RS, EV 84.4 MPH)
Mike Orellana scores
Batting: RHB Tyler Gordon 0-0: Ball
1-0: Ball
Wild Pitch!
Sean Howlett to second
2-0: Fly out, F7 (Line Drive, 78M, EV 95.0 MPH)
Top of the 1st over - 1 run, 2 hits, 0 errors, 1 left on base; Biloxi 1 - Montgomery 0
BOTTOM OF THE 1ST
Montgomery Biscuits batting - Pitching for Biloxi Shuckers : RHP Justin Scott
Pitching: RHP Justin Scott
Batting: RHB Melvin Casasola 0-0: Ball
1-0: Ball
2-0: Ball
3-0: Base on Balls
Batting: LHB Joe Carter 0-0: Ball
1-0: Called Strike
1-1: Ball
2-1: Ball
3-1: Base on Balls
Melvin Casasola to second
Batting: RHB Bobby Williams 0-0: Ball
1-0: Swinging Strike
1-1: Ball
2-1: Fly out, F4 (Popup, 34S, EV 80.0 MPH)
Batting: LHB Ivan Santana 0-0: Fly out, F9 (Flyball, 9LMF, EV 98.1 MPH)
Batting: RHB Estaçio Barrocas 0-0: Ball
1-0: Foul Ball, location: 25FF
1-1: Foul Ball, location: 3F
1-2: Strikes out swinging
Bottom of the 1st over - 0 runs, 0 hits, 0 errors, 2 left on base; Biloxi 1 - Montgomery 0
TOP OF THE 2ND
Biloxi Shuckers batting - Pitching for Montgomery Biscuits : RHP Jim Sims
Batting: SHB Kyle Carlson 0-0: Ball
1-0: Fly out, F4 (Line Drive, 4, EV 68.1 MPH)
Batting: RHB Jimmy Stanic 0-0: DOUBLE (Flyball, 8LXD, EV 111.3 MPH)
Batting: RHB Cesar Oropeza 0-0: Called Strike
0-1: Ball
1-1: Called Strike
1-2: Foul Ball, location: 3FF
1-2: Foul Ball, location: 2F
1-2: Foul Ball, location: 25F
1-2: Ball
2-2: Ball
3-2: Base on Balls
Batting: RHB Josh Merklin 0-0: Swinging Strike
0-1: Swinging Strike
0-2: Ball
1-2: Foul Ball, location: 7LMF
1-2: Ball
2-2: Strikes out looking
Batting: RHB Rich Molyneaux 0-0: Called Strike
0-1: Foul Ball, location: 9LSF
0-2: Ball
1-2: Strikes out swinging
Top of the 2nd over - 0 runs, 1 hit, 0 errors, 2 left on base; Biloxi 1 - Montgomery 0
BOTTOM OF THE 2ND
Montgomery Biscuits batting - Pitching for Biloxi Shuckers : RHP Justin Scott
Batting: LHB Paul Haynes 0-0: Called Strike
0-1: Fly out, F2 (Popup, 23F, EV 81.3 MPH)
Batting: RHB Zach Grimaldi 0-0: Foul Ball, location: 3DF
0-1: Ball
1-1: Ball
2-1: Swinging Strike
2-2: SINGLE (Line Drive, 3D, EV 96.9 MPH)
Batting: RHB Bill Ryan 0-0: Called Strike
0-1: Called Strike
0-2: Strikes out swinging
Batting: RHB Juan Parga 0-0: Fielders Choice at 2nd, 6-4 (Groundball, 6, EV 88.8 MPH)
Bottom of the 2nd over - 0 runs, 1 hit, 0 errors, 1 left on base; Biloxi 1 - Montgomery 0
TOP OF THE 3RD
Biloxi Shuckers batting - Pitching for Montgomery Biscuits : RHP Jim Sims
Batting: RHB Mike Orellana 0-0: SINGLE (Line Drive, 9S, EV 93.8 MPH)
Batting: RHB Juan Vicente 0-0: Foul Ball, location: 9LMF
0-1: Ball
1-1: Grounds into double play, 6-4-3 (Groundball, 6, EV 86.3 MPH)
Batting: RHB Sean Howlett 0-0: Ball
1-0: Foul Ball, location: 2F
1-1: Called Strike
1-2: Strikes out looking
Top of the 3rd over - 0 runs, 1 hit, 0 errors, 0 left on base; Biloxi 1 - Montgomery 0
BOTTOM OF THE 3RD
Montgomery Biscuits batting - Pitching for Biloxi Shuckers : RHP Justin Scott
Batting: RHB Melvin Casasola 0-0: Called Strike
0-1: Foul Ball, location: 2F
0-2: Ground out 1-3 (Groundball, 13, EV 68.8 MPH)
Batting: LHB Joe Carter 0-0: Ball
1-0: Called Strike
1-1: Swinging Strike
1-2: Ball
2-2: Ball
3-2: Strikes out swinging
Batting: RHB Bobby Williams 0-0: Swinging Strike
0-1: Ball
1-1: Ground out 6-3 (Groundball, 6, EV 105.6 MPH)
Bottom of the 3rd over - 0 runs, 0 hits, 0 errors, 0 left on base; Biloxi 1 - Montgomery 0
TOP OF THE 4TH
Biloxi Shuckers batting - Pitching for Montgomery Biscuits : RHP Jim Sims
Batting: RHB Tyler Gordon 0-0: Ball
1-0: Ball
2-0: Fly out, F9 (Flyball, 9LS, EV 90.6 MPH)
Batting: SHB Kyle Carlson 0-0: Ground out 4-3 (Groundball, 4, EV 81.9 MPH)
Batting: RHB Jimmy Stanic 0-0: Called Strike
0-1: Foul Ball, location: 2F
0-2: Ball
1-2: Strikes out swinging
Top of the 4th over - 0 runs, 0 hits, 0 errors, 0 left on base; Biloxi 1 - Montgomery 0
BOTTOM OF THE 4TH
Montgomery Biscuits batting - Pitching for Biloxi Shuckers : RHP Justin Scott
Batting: LHB Ivan Santana 0-0: Called Strike
0-1: Ball
1-1: Foul Ball, location: 2LF
1-2: Strikes out swinging
Batting: RHB Estaçio Barrocas 0-0: Called Strike
0-1: Ball
1-1: Foul Ball, location: 9LDF
1-2: Strikes out swinging
Batting: LHB Paul Haynes 0-0: Called Strike
0-1: Ball
1-1: Ball
2-1: Called Strike
2-2: Foul Ball, location: 2LF
2-2: Ball
3-2: Foul Ball, location: 7LSF
3-2: Base on Balls
Batting: RHB Zach Grimaldi 0-0: Ball
1-0: Ball
2-0: Swinging Strike
2-1: SINGLE (Line Drive, 8RS, EV 97.5 MPH)
Paul Haynes to second
Runner from 2nd tries for 3rd, SAFE, throw by CF made to third
Batting: RHB Bill Ryan 0-0: Called Strike
0-1: Foul Ball, location: 25FF
0-2: Ball
1-2: Ball
2-2: Fielders Choice at 2nd, 6-4 (Groundball, 6, EV 76.9 MPH)
Bottom of the 4th over - 0 runs, 1 hit, 0 errors, 2 left on base; Biloxi 1 - Montgomery 0
TOP OF THE 5TH
Biloxi Shuckers batting - Pitching for Montgomery Biscuits : RHP Jim Sims
Batting: RHB Cesar Oropeza 0-0: Ball
1-0: Foul Ball, location: 2F
1-1: Ball
2-1: Called Strike
2-2: Fly out, F8 (Flyball, 8RXD, EV 106.9 MPH)
Batting: RHB Josh Merklin 0-0: Swinging Strike
0-1: Foul Ball, location: 3F
0-2: Ball
1-2: Strikes out swinging
Batting: RHB Rich Molyneaux 0-0: Foul Ball, location: 2F
0-1: Foul Ball, location: 3F
0-2: Ball
1-2: Fly out, F7 (Flyball, 7LM, EV 95.6 MPH)
Top of the 5th over - 0 runs, 0 hits, 0 errors, 0 left on base; Biloxi 1 - Montgomery 0
BOTTOM OF THE 5TH
Montgomery Biscuits batting - Pitching for Biloxi Shuckers : RHP Justin Scott
Batting: RHB Juan Parga 0-0: Ball
1-0: Fly out, F8 (Flyball, 8LM, EV 93.8 MPH)
Batting: RHB Melvin Casasola 0-0: Ball
1-0: Fly out, F7 (Line Drive, 78M, EV 91.3 MPH)
Batting: LHB Joe Carter 0-0: Swinging Strike
0-1: Called Strike
0-2: Ball
1-2: Strikes out swinging
Bottom of the 5th over - 0 runs, 0 hits, 0 errors, 0 left on base; Biloxi 1 - Montgomery 0
TOP OF THE 6TH
Biloxi Shuckers batting - Pitching for Montgomery Biscuits : RHP Jim Sims
Batting: RHB Mike Orellana 0-0: Foul Ball, location: 5F
0-1: Foul Ball, location: 9LDF
0-2: Fly out, F9 (Flyball, 9LM, EV 87.5 MPH)
Batting: RHB Juan Vicente 0-0: Swinging Strike
0-1: Ball
1-1: Swinging Strike
1-2: Ball
2-2: Foul Ball, location: 2F
2-2: Ground out 6-3 (Groundball, 6M, EV 79.4 MPH)
Batting: RHB Sean Howlett 0-0: Ball
1-0: Ball
2-0: Called Strike
2-1: Ground out 6-3 (Groundball, 6S, EV 88.8 MPH)
Top of the 6th over - 0 runs, 0 hits, 0 errors, 0 left on base; Biloxi 1 - Montgomery 0
BOTTOM OF THE 6TH
Montgomery Biscuits batting - Pitching for Biloxi Shuckers : RHP Justin Scott
Batting: RHB Bobby Williams 0-0: Called Strike
0-1: Ball
1-1: Foul Ball, location: 9LSF
1-2: DOUBLE (Line Drive, 89M, EV 106.9 MPH)
Batting: LHB Ivan Santana 0-0: Called Strike
0-1: Ball
1-1: Ball
2-1: Ball
3-1: Base on Balls
Batting: RHB Estaçio Barrocas 0-0: Ball
1-0: Called Strike
1-1: Ball
2-1: Grounds into double play, 6-4-3 (Groundball, 56, EV 85.6 MPH)
Bobby Williams to third
Batting: LHB Paul Haynes 0-0: Called Strike
0-1: Ball
1-1: Ball
2-1: Foul Ball, location: 2F
2-2: Strikes out looking
Bottom of the 6th over - 0 runs, 1 hit, 0 errors, 1 left on base; Biloxi 1 - Montgomery 0
TOP OF THE 7TH
Biloxi Shuckers batting - Pitching for Montgomery Biscuits : RHP Jim Sims
Batting: RHB Tyler Gordon 0-0: Called Strike
0-1: Ball
1-1: Ball
2-1: Foul Ball, location: 2F
2-2: Ball
3-2: Fly out, F9 (Flyball, 9, EV 100.0 MPH)
Batting: SHB Kyle Carlson 0-0: Ball
1-0: Foul Ball, location: 3DF
1-1: Fly out, F8 (Flyball, 8LD, EV 78.8 MPH)
Batting: RHB Jimmy Stanic 0-0: Ball
1-0: Ball
2-0: Ball
3-0: Base on Balls
Batting: RHB Cesar Oropeza 0-0: Ball
1-0: Fly out, F7 (Flyball, 78M, EV 78.1 MPH)
Top of the 7th over - 0 runs, 0 hits, 0 errors, 1 left on base; Biloxi 1 - Montgomery 0
BOTTOM OF THE 7TH
Montgomery Biscuits batting - Pitching for Biloxi Shuckers : RHP Justin Scott
Batting: RHB Zach Grimaldi 0-0: Called Strike
0-1: Foul Ball, location: 9LMF
0-2: Ground out 5-3 (Groundball, 56, EV 108.8 MPH)
Batting: RHB Bill Ryan 0-0: Ball
1-0: Ball
2-0: Ground out 6-3 (Groundball, 6M, EV 86.9 MPH)
Batting: RHB Juan Parga 0-0: Ball
1-0: Ball
2-0: Foul Ball, location: 25F
2-1: Foul Ball, location: 9LDF
2-2: Ball
3-2: Foul Ball, location: 2F
3-2: Foul Ball, location: 3F
3-2: Foul Ball, location: 2F
3-2: Fly out, F8 (Line Drive, 8LM, EV 98.1 MPH)
Bottom of the 7th over - 0 runs, 0 hits, 0 errors, 0 left on base; Biloxi 1 - Montgomery 0
TOP OF THE 8TH
Biloxi Shuckers batting - Pitching for Montgomery Biscuits : RHP Jim Sims
Batting: RHB Josh Merklin 0-0: Ball
1-0: Foul Ball, location: 3F
1-1: Swinging Strike
1-2: Ball
2-2: Ball
3-2: SINGLE (Line Drive, 89M, EV 91.3 MPH)
Batting: RHB Rich Molyneaux 0-0: Ball
1-0: Ball
2-0: Ball
3-0: Called Strike
3-1: Fielders Choice at 2nd, 4-6 (Groundball, 4, EV 92.5 MPH)
Batting: RHB Mike Orellana 0-0: Ball
1-0: Ball
2-0: Called Strike
2-1: Foul Ball, location: 9LSF
2-2: Ground out 5-3 (Groundball, 5S, EV 63.8 MPH)
Rich Molyneaux to second
Batting: RHB Juan Vicente 0-0: Ball
1-0: Foul Ball, location: 5F
1-1: Ball
2-1: Foul Ball, location: 9LMF
2-2: Foul Ball, location: 2F
2-2: Ball
3-2: Ground out 6-3 (Groundball, 6, EV 89.4 MPH)
Top of the 8th over - 0 runs, 1 hit, 0 errors, 1 left on base; Biloxi 1 - Montgomery 0
BOTTOM OF THE 8TH
Montgomery Biscuits batting - Pitching for Biloxi Shuckers : RHP Justin Scott
Now at 1B: Zach Elerson
Batting: RHB Melvin Casasola 0-0: Ball
1-0: Ball
2-0: Called Strike
2-1: Ground out 6-3 (Groundball, 6, EV 108.8 MPH)
Batting: LHB Joe Carter 0-0: Called Strike
0-1: Foul Ball, location: 5F
0-2: Foul Ball, location: 5F
0-2: Strikes out swinging
Batting: RHB Bobby Williams 0-0: Fly out, F9 (Line Drive, 9, EV 86.9 MPH)
Bottom of the 8th over - 0 runs, 0 hits, 0 errors, 0 left on base; Biloxi 1 - Montgomery 0
TOP OF THE 9TH
Biloxi Shuckers batting - Pitching for Montgomery Biscuits : RHP Jim Sims
Batting: RHB Sean Howlett 0-0: Ball
1-0: Called Strike
1-1: Ball
2-1: Foul Ball, location: 9LSF
2-2: Ball
3-2: DOUBLE (Line Drive, 89M, EV 87.5 MPH)
Batting: RHB Tyler Gordon 0-0: Ball
1-0: Called Strike
1-1: Ball
2-1: Swinging Strike
2-2: Ball
3-2: Fly out, F7 (Flyball, 78S, EV 75.0 MPH)
Batting: SHB Kyle Carlson 0-0: Intentional Walk
Batting: RHB Jimmy Stanic 0-0: Called Strike
0-1: Ball
1-1: Called Strike
1-2: Strikes out swinging
Batting: RHB Cesar Oropeza 0-0: Ball
1-0: Fly out, F8 (Flyball, 8LD, EV 81.9 MPH)
Top of the 9th over - 0 runs, 1 hit, 0 errors, 2 left on base; Biloxi 1 - Montgomery 0
BOTTOM OF THE 9TH
Montgomery Biscuits batting - Pitching for Biloxi Shuckers : RHP Justin Scott
Pitching: LHP Manny Herrera
Pinch Hitting: RHB Jeremy Richter 0-0: Called Strike
0-1: Foul Ball, location: 2F
0-2: Ball
1-2: Foul Ball, location: 2F
1-2: Strikes out looking
Batting: RHB Estaçio Barrocas 0-0: Ball
1-0: Foul Ball, location: 25F
1-1: Foul Ball, location: 5F
1-2: Strikes out swinging
Pinch Hitting: RHB Jose Cobian 0-0: Ground out U3 (Groundball, 3S, EV 68.8 MPH)
Bottom of the 9th over - 0 runs, 0 hits, 0 errors, 0 left on base; Biloxi 1 - Montgomery 0
Thursday, May 16th , 2024 - OOTP Baseball 24.11 Build 85